 Dungeon Crawl Stone Soup version 0.29-a0-286-g41199d4a87 (webtiles) character file.

Game seed: 1156426300745230853

666 Armakuni the Twirler (level 7, -1/54 HPs)
             Began as a Human Wanderer on Mar 13, 2022.
             Was a Follower of Elyvilon.
             Succumbed to a killer bee's poison
             ... on level 5 of the Dungeon on Mar 16, 2022.
             The game lasted 00:11:07 (4514 turns).

Armakuni the Twirler (Human Wanderer)               Turns: 4514, Time: 00:11:07

Health: -1/54      AC:  6    Str: 10    XL:     7   Next: 88%
Magic:  17/17      EV: 10    Int: 10    God:    Elyvilon [*.....]
Gold:   196        SH:  0    Dex: 19    Spells: 8/8 levels left

rFire   . . .      SeeInvis .   a - +2 falchion
rCold   . . .      Faith    .   (no shield)
rNeg    . . .      Spirit   .   e - +0 leather armour
rPois   .          Reflect  .   (no helmet)
rElec   .          Harm     .   g - +2 cloak
rCorr   .          Rampage  .   (no gloves)
Will    .....                   (no boots)
Stlth   +.........              R - amulet of regeneration
HPRegen 0.98/turn               P - ring of magical power
MPRegen 0.15/turn               (no ring)

@: lethally poisoned (-1 -> -4)
A: no striking features
a: Renounce Religion, Purification


You were on level 5 of the Dungeon.
You worshipped Elyvilon.
Elyvilon was aware of your devotion.
You visited 2 branches of the dungeon, and saw 6 of its levels.

You collected 196 gold pieces.

Inventory:

Hand Weapons
 a - a +2 falchion (weapon)
 b - a +5 quarterstaff of chaos
Armour
 e - a +0 leather armour (worn)
 g - a +2 cloak (worn)
Magical Staves
 h - a staff of earth
Jewellery
 A - an amulet of the acrobat
 P - a ring of magical power (left hand)
 R - an amulet of regeneration (around neck)
Wands
 v - a wand of flame (10) (quivered)
Scrolls
 d - a scroll of vulnerability
 f - 2 scrolls of magic mapping
Potions
 c - a potion of haste
 i - a potion of might {unknown}
 j - a potion of mutation
 k - a potion of curing
 l - 2 potions of lignification


   Skills:
 - Level 4.0 Fighting
 - Level 1.0(3.0) Short Blades
 - Level 4.5 Long Blades
 - Level 6.0 Staves
 - Level 1.0 Spellcasting
 + Level 3.5 Evocations


You had 8 spell levels left.
You didn't know any spells.
Your spell library contained the following spells:

 Spells                   Type           Power      Damage    Failure   Level
 Corpse Rot               Necr/Air       0%         N/A       56%         2
 Poisonous Vapours        Pois/Air       0%         N/A       56%         2
 Conjure Flame            Conj/Fire      0%         6-21      80%         3
 Ignite Poison            Fire/Tmut/Pois 0%         N/A       80%         3
 Sticky Flame             Conj/Fire      0%         2d3       99%         4


Dungeon Overview and Level Annotations

Branches:
Dungeon (5/15)             Temple (1/1) D:4

Altars:
Ashenzari
Cheibriados
Dithmenos
Elyvilon
Fedhas
Gozag
Hepliaklqana
Kikubaaqudgha
Makhleb
Nemelex Xobeh
Okawaru
Qazlal
Ru
Sif Muna
Trog
Uskayaw
Vehumet
Wu Jian
Xom
Yredelemnul
Zin
The Shining One

Shops:
D:1 [(?


Message History

You feel sick. The killer bee barely misses you. The killer bee stings you.
You are more poisoned.
The killer bee poisons you!
You closely miss the killer bee.
The killer bee is almost dead.
You feel sick. The killer bee stings you.
You are more poisoned.
The killer bee poisons you!
The killer bee stings you but does no damage.
The killer bee stings you.
You slash the killer bee!
You kill the killer bee!
You feel very sick. The killer bee barely misses you.
You hit the killer bee but do no damage.
You feel very sick.
The killer bee stings you but does no damage.
The killer bee closely misses you.
You miss the killer bee.
You feel sick. The killer bee closely misses you. The killer bee stings you!
You closely miss the killer bee.
You feel sick. The killer bee barely misses you.
The killer bee stings you but does no damage.
You closely miss the killer bee.
You feel sick. The killer bee closely misses you. The killer bee stings you!
* * * LOW HITPOINT WARNING * * *
You hit the killer bee.
The killer bee is moderately wounded.
You feel sick. The killer bee barely misses you. The killer bee misses you.
The killer bee stings you.
* * * LOW HITPOINT WARNING * * *
You hit the killer bee but do no damage.
The killer bee is moderately wounded.
You feel sick. The killer bee closely misses you. The killer bee stings you.
* * * LOW HITPOINT WARNING * * *
You are lethally poisoned!
The killer bee poisons you!
You closely miss the killer bee.
The killer bee is moderately wounded.
You die...

#.. #.##.#......#
#... #..#.#......#
##... #..#.#).....#
......#....#......#
.[....#.#..#..$...##
.....................
######.##.#.######.#
#.........#y# #
######.........#@#
....##...........#
....##...........#
....##...........#
...............#.#
....#.........##..#
....#.##########..#
#.##....# #..
..##....#


You could see a killer bee.

Vanquished Creatures
  An ogre (D:4)
  2 bullfrogs
  A scorpion (D:5)
  2 killer bees (D:5)
  Crazy Yiuf (D:2)
  Terence (D:2)
  An iguana (D:3)
  Ijyb (D:3)
  5 adders
  4 gnolls
  3 dart slugs
  2 orcs (D:3)
  11 ball pythons
  5 bats
  11 endoplasms
  A giant cockroach (D:4)
  9 goblins
  17 hobgoblins
  4 jackals (D:1)
  2 quokkas
  9 frilled lizards
  10 kobolds
  11 rats
114 creatures vanquished.

Notes
Turn   | Place    | Note
-------+----------+-------------------------------------------
     0 | D:1      | Armakuni the Human Wanderer began the quest for the Orb.
     0 | D:1      | Armakuni set off with the following items: a +2 falchion, a
                  | +0 short sword, a wand of flame (5), a potion of
                  | attraction, a +0 leather armour
     0 | D:1      | Reached XP level 1. HP: 19/19 MP: 2/2
   104 | D:1      | Found a faded altar of an unknown god.
   122 | D:1      | Reached XP level 2. HP: 21/25 MP: 3/3
   674 | D:1      | Found Taiph's Magic Scroll Shoppe.
   684 | D:1      | Reached XP level 3. HP: 30/30 MP: 4/4
   906 | D:1      | Found Jyomp's Weapon Boutique.
   924 | D:1      | Found Kocwy's Antique Armour Shop.
  1198 | D:2      | Reached XP level 4. HP: 37/37 MP: 5/5
  1226 | D:2      | Found a shimmering altar of Xom.
  1273 | D:2      | Found a runed translucent door.
  1274 | D:2      | Noticed Crazy Yiuf
  1292 | D:2      | Killed Crazy Yiuf
  1457 | D:2      | Reached skill level 1 in Staves
  1479 | D:2      | Reached XP level 5. HP: 39/42 MP: 6/6
  1845 | D:2      | Noticed Terence
  1905 | D:2      | Killed Terence
  1906 | D:2      | Reached skill level 2 in Staves
  2255 | D:3      | Noticed Ijyb
  2265 | D:3      | Killed Ijyb
  2296 | D:3      | Reached skill level 3 in Staves
  2338 | D:3      | Noticed a bullfrog
  2367 | D:3      | Killed a bullfrog
  2368 | D:3      | Reached skill level 4 in Staves
  2368 | D:3      | Reached XP level 6. HP: 31/48 MP: 7/7
  2524 | D:3      | Found a shadowy altar of Dithmenos.
  3141 | D:4      | Reached skill level 5 in Staves
  3141 | D:4      | Reached XP level 7. HP: 48/54 MP: 8/8
  3324 | D:4      | Found a staircase to the Ecumenical Temple.
  3339 | Temple   | Entered the Ecumenical Temple
  3625 | Temple   | Upgraded the game from 0.29-a0-283-ga02f740833 to
                  | 0.29-a0-286-g41199d4a87
  3636 | Temple   | Became a worshipper of Elyvilon the Healer
  3949 | D:4      | Reached skill level 6 in Staves
  4331 | D:5      | Entered Level 5 of the Dungeon
  4465 | D:5      | Reached * piety under Elyvilon
  4513 | D:5      | HP: 1/54 [killer bee (3)]
  4514 | D:5      | Succumbed to a killer bee's poison

Illustrated notes

Levels and vault maps discovered:
D:1:      dpeg_arrival_tiny_c, layout_loops_cross, serial_shops,
          nicolae_shop_temple_entry_statues_fountains, shop, shop,
          hellmonk_ecumenical_altar_zigzags
D:2:      minmay_skewed_foursquare, layout_loops_ring, basic_altar,
          uniq_crazy_yiuf_cottage, uniq_terence
D:3:      minmay_thinvault, layout_rooms, nicolae_dithmenos_shadow_blocks,
          corexii_item_surrounded_by_moat, uniq_ijyb
D:4:      layout_cave_pods, minmay_temple_entry_butterflies
D:5:      layout_basic
Temple:   roderic_octagonal_lattice_temple

Skill      XL: |  1  2  3  4  5  6  7 |
---------------+----------------------+-----
Long Blades    | 3 4 |  4.5
Staves         | 1 4 5 6 |  6.0
Evocations     | 3 |  3.5
Fighting       | |  4.0
Short Blades   | |  1.0
Spellcasting   | |  1.0

Action                   |  1- 3 |  4- 6 |  7- 9 || total
-------------------------+-------+-------+-------++-------
Melee: Falchion          |    98 |   172 |    95 ||   365
       Punch             |       |     2 |     1 ||     3
Evoke: Wand              |       |     3 |       ||     3
  Use: Scroll            |     1 |     8 |     4 ||    13
       Potion            |       |     2 |     1 ||     3
 Stab: Sleeping          |     2 |     1 |     1 ||     4
Armor: Leather armour    |    28 |    43 |    25 ||    96
       Skin              |       |       |    40 ||    40
Dodge: Dodged            |    39 |    88 |    51 ||   178

Table legend: (Time is in decaauts)
 A = Elapsed time spent in this place.
 B = Non-inter-level travel time spent in this place.
 C = Inter-level travel time spent in this place.
 D = Time resting spent in this place.
 E = Time spent auto-exploring this place.
 F = Levels seen in this place.
 G = Mean time per level.
                   A        B        C        D        E       F      G
               +--------+--------+--------+--------+--------+-----+--------+
         Total |   4531 |   4285 |    246 |    238 |   2924 |   6 |  755.2 |
       Dungeon |   4209 |   3986 |    223 |    238 |   2681 |   5 |  841.8 |
        Temple |    321 |    298 |     23 |      0 |    243 |   1 |  321.0 |
               +--------+--------+--------+--------+--------+-----+--------+

Top non-repeatable levels by time:
     D:1: 1126 daAuts
     D:2: 1062 daAuts
     D:3: 1047 daAuts
     D:4: 787 daAuts
  Temple: 321 daAuts
     D:5: 185 daAuts
